 Dungeon Crawl Stone Soup version 0.17.1-3-g152610e (webtiles) character file.

19720 MirrMurr the Covert (level 12, -3/51 HPs)
             Began as a Spriggan Enchanter on Apr 2, 2016.
             Was a Believer of Ashenzari.
             Hit by a javelin thrown by Urug (19 damage)
             ... on level 2 of the Lair of Beasts on Apr 3, 2016.
             The game lasted 00:42:50 (17364 turns).

MirrMurr the Covert (Spriggan Enchanter)           Turns: 17364, Time: 00:42:50

Health: -3/51      AC:  8    Str:  4    XL:     12   Next: 39%
Magic:  22/29      EV: 23    Int: 21    God:    Ashenzari [**....]
Gold:   1161       SH:  0    Dex: 17    Spells: 5 memorised, 23 levels left

rFire  . . .     SeeInvis +     a - +2 dagger (curse)
rCold  + . .     Clarity  .     N - +2 robe {MR+}
rNeg   . . .     SustAt   .     (shield restricted)
rPois  .         Gourm    .     O - +2 hat {MR+}
rElec  .         Spirit   .     f - +1 cloak (curse)
rCorr  .         Warding  .     (gloves unavailable)
rMut   .         Stasis   .     (boots unavailable)
MR     ++++.                    (no amulet)
Stlth  ++++++....               s - ring of protection from cold
                                y - +5 ring of evasion

@: very quick, incredibly resistant to hostile enchantments, very stealthy
A: unfitting armour, see invisible, herbivore 3, speed 3, slow metabolism 2,
wild magic 1
a: Scrying, Renounce Religion


You were on level 2 of the Lair of Beasts.
You worshipped Ashenzari.
Ashenzari was pleased with you.
You were full.

You visited 3 branches of the dungeon, and saw 14 of its levels.
You also visited: Ossuary.

You collected 1161 gold pieces.

Inventory:

Hand Weapons
 a - a cursed +2 dagger (weapon)
 F - a +0 rapier
 M - a +1 dagger of chaos
Missiles
 g - 295 stones
 A - 29 tomahawks (quivered)
 R - 15 poisoned needles
Armour
 f - a cursed +1 cloak (worn)
 o - a +0 buckler
 N - a +2 robe of magic resistance (worn)
 O - a +2 hat of magic resistance (worn)
Jewellery
 s - a ring of protection from cold (right hand)
 y - a +5 ring of evasion (left hand)
 Q - an uncursed amulet of clarity
Wands
 h - a wand of heal wounds (4)
 i - a wand of flame (19)
 k - a wand of digging (12)
 m - a wand of frost (24)
 B - a wand of invisibility (3)
 K - a wand of draining (9)
 U - a wand of fire (2)
Scrolls
 l - 2 scrolls of magic mapping
 r - 4 scrolls of remove curse
 w - 2 scrolls of holy word
 D - 2 scrolls of teleportation
 I - a scroll of curse weapon
 S - a scroll of enchant armour
 V - a scroll of identify
Potions
 b - a potion of flight
 e - 2 potions of haste
 n - 5 potions of curing
 p - 3 potions of agility
 q - 2 potions of brilliance
 t - a potion of invisibility
 u - a potion of cure mutation
 v - 2 potions of heal wounds {unknown}
 x - a potion of mutation {unknown}
 z - 2 potions of might {unknown}
 C - 2 potions of degeneration {unknown}
 G - 2 potions of resistance {unknown}
 P - a potion of berserk rage {unknown}
Books
 c - a book of Maledictions

   Spells                             Type                      Level
   a - Corona                         Hexes                        1
   b - Ensorcelled Hibernation        Hexes/Ice                    2
   c - Confuse                        Hexes                        3
   d - Tukima's Dance                 Hexes                        3
   e - Dazzling Spray                 Conjuration/Hexes            3
 E - a book of Summonings

   Spells                             Type                      Level
   a - Recall                         Summoning/Translocation      3
   b - Aura of Abjuration             Summoning                    5
   c - Shadow Creatures               Summoning                    5
   d - Summon Demon                   Summoning                    5
   e - Summon Forest                  Summoning/Translocation      5
   f - Summon Mana Viper              Hexes/Summoning              5
 J - a book of Power

   Spells                             Type                      Level
   a - Fulminant Prism                Conjuration/Hexes            4
   b - Iskenderun's Mystic Blast      Conjuration                  4
   c - Venom Bolt                     Conjuration/Poison           5
   d - Bolt of Magma                  Conjuration/Fire/Earth       5
   e - Iron Shot                      Conjuration/Earth            6
   f - Orb of Destruction             Conjuration                  7
   g - Spellforged Servitor           Conjuration/Summoning        7
 L - a Young Poisoner's Handbook

   Spells                             Type                      Level
   a - Sting                          Conjuration/Poison           1
   b - Cure Poison                    Poison                       2
   c - Mephitic Cloud                 Conjuration/Poison/Air       3
   d - Olgreb's Toxic Radiance        Poison                       4
   e - Venom Bolt                     Conjuration/Poison           5
Comestibles
 d - 9 bread rations
 j - 15 fruits
 H - 10 slices of pizza
 T - a royal jelly


   Skills:
 * Level 10.6(12.7) Short Blades
 - Level 3.0 Dodging
 - Level 12.5 Stealth
 - Level 12.0 Spellcasting
 + Level 3.2 Conjurations
 - Level 12.4 Hexes
 + Level 3.1 Ice Magic
 + Level 3.6 Air Magic
 + Level 4.1 Poison Magic


You had 23 spell levels left.
You knew the following spells:

 Your Spells              Type           Power        Failure   Level  Hunger
a - Ensorcelled Hibernat  Hex/Ice        ######       2%          2    None
b - Confuse               Hex            #######.     1%          3    None
c - Corona                Hex            #######      1%          1    None
d - Dazzling Spray        Conj/Hex       ######..     3%          3    None
m - Mephitic Cloud        Conj/Pois/Air  #####...     9%          3    None


Dungeon Overview and Level Annotations

Branches:
Dungeon (11/15)            Temple (1/1) D:7            Lair (2/8) D:11
    Orc (0/4) D:11

Altars:
Ashenzari
Cheibriados
Dithmenos
Elyvilon
Fedhas
Gozag
Kikubaaqudgha
Makhleb
Nemelex Xobeh
Okawaru
Qazlal
Ru
Sif Muna
Trog
Vehumet
Xom
Yredelemnul
Zin
The Shining One

Shops:
D:7 }

Portals:
Labyrinth: Lair:2

Annotations:
Lair:2 Urug


Innate Abilities, Weirdness & Mutations

You are tiny and cannot use many weapons and most armour.
You have supernaturally acute eyesight.
You are a herbivore.
You cover ground extremely quickly.
You need consume almost no food.
Your spells are a little harder to cast, but a little more powerful.


Message History

Found a labyrinth entrance.
You are struck by the porcupine's spines.
The helpless porcupine fails to defend itself.
You skewer the porcupine like a kebab!!!!
You kill the porcupine!
Urug throws a javelin.
The javelin hits you!!
You see here a javelin.
Casting: Ensorcelled Hibernation
Confirm with . or Enter, or press ? or * to list all spells.
Aiming: Ensorcelled Hibernation
Press: ? - help, Shift-Dir - straight line, f - Urug
Aim: Urug, wielding a vampiric war axe and wearing a chain mail (chance to defeat MR: 55%) Urug resists with some effort.
Casting: Ensorcelled Hibernation
Confirm with . or Enter, or press ? or * to list all spells.
Aiming: Ensorcelled Hibernation
Press: ? - help, Shift-Dir - straight line, f/p - Urug
Aim: Urug, wielding a vampiric war axe and wearing a chain mail (chance to defeat MR: 55%) Urug resists with some effort.
Urug throws a javelin.
The javelin hits you!!
You die...

, , ∩... , ,, ,
,.., ,, ..P# ** ,
, ##.... **...# .
* * ,* #P...#
##...#.. #.....
...... ,, , ,
#....##....# *
###...#o#†#.###.
.##.#.............
.........@....#...
* ##..#$..###.....
#..............,,
##.....###.#... *
* ##P.....# * .. *
##......### * ,. ,
##.%....P#.###. *
#.%%...........,
#....%..P#.#.P# *
*


You could see Urug.

Vanquished Creatures
  Gastronok (D:9)
  Erolcha (D:9)
  Harold (Lair:1)
  A hydra (D:11)
  An unseen horror (D:11)
  2 hill giants
  Maurice (D:8)
  Psyche (D:9)
  3 spiny frogs (Lair:1)
  2 trolls (D:11)
  5 blink frogs (Lair:1)
  A trapdoor spider zombie (D:10)
  Sigmund (D:6)
  A hippogriff (Lair:2)
  A wraith (D:10)
  A hog (D:7)
  A human (D:7)
  The ghost of urm the Ruffian, an amateur NaTm (D:3)
  6 yaks
  Menkaure (D:6)
  A hungry ghost (D:11)
  2 water moccasins
  12 wolves
  Edmund (D:6)
  4 sky beasts
  Duvessa (D:6)
  5 porcupines
  5 ice beasts
  2 ogres (D:7)
  6 orc warriors
  7 centaurs
  2 crocodiles (Lair:1)
  A phantom (D:9)
  11 giant frogs
  A wyvern skeleton (D:11)
  A water moccasin zombie (D:7)
  Dowan (D:6)
  A scorpion (D:9)
  13 killer bees
  8 hounds
  3 giant frog zombies
  A gnoll shaman (D:5)
  4 crimson imps
  19 wights
  3 centaur zombies (Ossuary)
  3 giant frog skeletons
  9 orc priests
  4 jellies
  2 centaur skeletons
  11 orc wizards
  3 iguanas
  6 worker ants
  2 big kobold zombies (Ossuary)
  3 sheep (D:7)
  A hound skeleton (D:8)
  4 mummies (Ossuary)
  4 gnolls (D:5)
  13 adders
  4 shadow imps
  14 river rats
  An adder skeleton (D:6)
  5 worms
  6 giant geckos
  52 orcs
  2 ball pythons
  9 hobgoblins
  14 jackals
  4 quokkas
  5 bats
  7 giant cockroaches
  A giant gecko zombie (D:6)
  3 giant newts (D:2)
  8 goblins
  4 hobgoblin zombies (Ossuary)
  13 kobolds
  28 rats
393 creatures vanquished.

Vanquished Creatures (others)
  An orc (D:11)
1 creature vanquished.

Grand Total: 394 creatures vanquished

Notes
Turn   | Place    | Note
--------------------------------------------------------------
     0 | D:1      | MirrMurr the Spriggan Enchanter began the quest for the Orb.
     0 | D:1      | Reached XP level 1. HP: 9/9 MP: 5/5
    54 | D:1      | Reached skill level 5 in Stealth
   193 | D:1      | Reached XP level 2. HP: 13/13 MP: 6/6
   197 | D:1      | Learned a level 2 spell: Ensorcelled Hibernation
   869 | D:1      | Reached skill level 6 in Stealth
  1660 | D:2      | Reached XP level 3. HP: 16/16 MP: 8/8
  1665 | D:2      | Learned a level 3 spell: Confuse
  2003 | D:2      | Reached skill level 7 in Stealth
  2581 | D:2      | Found a glowing silver altar of Zin.
  2623 | D:2      | Found an ancient bone altar of Kikubaaqudgha.
  2642 | D:2      | Reached XP level 4. HP: 21/21 MP: 9/9
  2722 | D:2      | Found a blossoming altar of Fedhas.
  2814 | D:2      | Found an iron altar of Okawaru.
  3052 | D:2      | Learned a level 3 spell: Dazzling Spray
  3476 | D:3      | Noticed urm's ghost (amateur NaTm)
  3506 | D:3      | Killed urm's ghost
  3506 | D:3      | Reached skill level 9 in Stealth
  3506 | D:3      | Reached XP level 5. HP: 24/24 MP: 6/12
  3678 | D:4      | Reached XP level 6. HP: 21/28 MP: 5/13
  4555 | D:5      | Entered Level 5 of the Dungeon
  4562 | D:5      | Found a sand-covered staircase.
  4571 | Ossuary  | Entered an ossuary
  4585 | Ossuary  | Reached skill level 10 in Stealth
  5123 | Ossuary  | Reached skill level 5 in Spellcasting
  5339 | Ossuary  | Reached XP level 7. HP: 30/32 MP: 8/15
  5629 | D:5      | Reached skill level 11 in Stealth
  6800 | D:5      | Reached skill level 12 in Stealth
  7018 | D:5      | Reached XP level 8. HP: 28/36 MP: 13/18
  7086 | D:6      | Noticed Edmund
  7086 | D:6      | Noticed Dowan
  7090 | D:6      | Killed Edmund
  7289 | D:6      | Noticed Menkaure
  7294 | D:6      | Found a white marble altar of Elyvilon.
  7296 | D:6      | Killed Menkaure
  7296 | D:6      | Reached skill level 5 in Hexes
  7796 | D:6      | Noticed Duvessa
  7835 | D:6      | Killed Dowan
  7865 | D:6      | Killed Duvessa
  8658 | D:7      | Reached XP level 9. HP: 39/39 MP: 19/22
  8673 | D:7      | Found Unibodgh's Gadget Boutique.
  8989 | D:6      | Noticed Sigmund
  8998 | D:6      | Killed Sigmund
  9630 | D:7      | Reached skill level 10 in Hexes
  9700 | D:7      | Found a staircase to the Ecumenical Temple.
  9707 | Temple   | Entered the Ecumenical Temple
  9721 | Temple   | Became a worshipper of Ashenzari the Shackled
 10237 | D:8      | Noticed Maurice
 10248 | D:8      | Killed Maurice
 10348 | D:8      | Reached XP level 10. HP: 36/44 MP: 19/24
 10485 | D:8      | Reached skill level 10 in Spellcasting
 10495 | D:8      | Learned a level 3 spell: Mephitic Cloud
 10632 | D:8      | Found a sparkling altar of Nemelex Xobeh.
 11561 | D:9      | Noticed Gastronok
 11716 | D:9      | Noticed Psyche
 11724 | D:9      | Killed Psyche
 11853 | D:9      | Reached * piety under Ashenzari
 12041 | D:9      | Noticed Erolcha
 12055 | D:9      | Killed Erolcha
 12639 | D:10     | Entered Level 10 of the Dungeon
 12963 | D:9      | Reached skill level 5 in Short Blades
 13059 | D:9      | Killed Gastronok
 13059 | D:9      | Reached XP level 11. HP: 26/47 MP: 10/27
 13907 | D:10     | Noticed a hill giant
 13923 | D:10     | Killed a hill giant
 14077 | D:11     | Found a staircase to the Lair.
 14083 | D:11     | Noticed a hill giant
 14114 | D:11     | Noticed an unseen horror
 14168 | D:11     | Gained mutation: Your spells are a little harder to cast, but a little more powerful. [potion of beneficial mutation]
 14250 | D:11     | Noticed a six-headed hydra
 14268 | D:11     | Killed a six-headed hydra
 14268 | D:11     | Reached skill level 1 in Poison Magic
 14300 | D:11     | Killed a hill giant
 14300 | D:11     | Reached skill level 1 in Conjurations
 14300 | D:11     | Reached skill level 1 in Ice Magic
 14300 | D:11     | Reached skill level 1 in Air Magic
 14472 | D:11     | Noticed an unseen horror
 14496 | D:11     | Killed an unseen horror
 14995 | D:11     | Found a staircase to the Orcish Mines.
 15295 | D:11     | Identified the cursed +1 hand crossbow "Xepreast" {venom, Str+7}
 15824 | Lair:1   | Entered Level 1 of the Lair of Beasts
 16216 | Lair:1   | Reached XP level 12. HP: 48/51 MP: 18/29
 16617 | Lair:1   | Reached ** piety under Ashenzari
 16625 | Lair:1   | Noticed Harold
 16637 | Lair:1   | Killed Harold
 16637 | Lair:1   | Reached skill level 10 in Short Blades
 17351 | Lair:2   | Noticed Urug
 17360 | Lair:2   | Found a labyrinth entrance.
 17364 | Lair:2   | Hit by a javelin thrown by Urug

Action                   |  1- 3 |  4- 6 |  7- 9 | 10-12 || total
-------------------------+-------+-------+-------+-------++-------
Melee: Dagger            |   162 |   129 |   250 |   580 ||  1121
Throw: Stone             |     4 |       |       |       ||     4
 Cast: Ensorcelled Hiber |     1 |    12 |    72 |   167 ||   252
       Confuse           |       |    13 |    27 |    48 ||    88
       Dazzling Spray    |       |       |     4 |    15 ||    19
  Use: Scroll            |     6 |     5 |     8 |     4 ||    23
       Potion            |       |       |       |     1 ||     1
 Stab: Sleeping          |    12 |    19 |    60 |   142 ||   233
       Confused          |       |     8 |    17 |    34 ||    59
       Held in net/web   |       |     1 |       |       ||     1
       Distracted        |       |       |     2 |     4 ||     6
       Invisible         |       |       |     1 |     4 ||     5
  Eat: Bread ration      |       |     1 |     1 |     1 ||     3
       Pizza             |       |     1 |     1 |     1 ||     3
